 Dungeon Crawl Stone Soup version 0.29.0-4-gdea44cf6ec (webtiles) character file.

Game seed: 15235023815573775071

150 qw the Chopper (level 5, -5/30 HPs)
             Began as a Tengu Warper on Aug 29, 2022.
             Slain by a gnoll
             ... wielding a +0 halberd
              (6 damage)
             ... on level 3 of the Dungeon.
             The game lasted 00:00:59 (3225 turns).

qw the Chopper (Tengu Warper)                       Turns: 3225, Time: 00:01:00

Health: -5/30      AC:  7    Str: 14    XL:     5   Next: 32%
Magic:  9/9        EV: 13    Int: 13    God:
Gold:   118        SH:  0    Dex: 13    Spells: 8/8 levels left

rFire   . . .      SeeInvis .   Y - +0 hand axe
rCold   . . .      Faith    .   (no shield)
rNeg    + . .      Spirit   .   k - +2 ring mail {rN+}
rPois   .          Reflect  .   (helmet restricted)
rElec   .          Harm     .   f - scarf {repulsion}
rCorr   .          Rampage  .   (no gloves)
Will    .....                   (boots unavailable)
Stlth   +.........              (no amulet)
HPRegen 0.10/turn               (no ring)
MPRegen 0.11/turn               (no ring)

@: flying quickly and evasively, repel missiles, quick
A: beak, talons 3, nimble flight
a: no special abilities


You were on level 3 of the Dungeon.
You visited 1 branch of the dungeon, and saw 3 of its levels.

You collected 118 gold pieces.


Innate Abilities, Weirdness & Mutations

You have a beak for a mouth.
You have claws for feet.
Your magical nature lets you fly swiftly and evasively.


   Skills:
 - Level 2.0 Fighting
 + Level 5.9 Axes
 - Level 1.0 Throwing
 - Level 1.1 Armour
 - Level 2.1 Dodging
 - Level 2.0 Spellcasting
 - Level 2.4 Translocations


You had 8 spell levels left.
You didn't know any spells.
Your spell library contained the following spells:

 Spells                   Type           Power      Damage    Failure   Level
 Blink                    Tloc           14%        N/A       30%         2
 Gell's Gravitas          Tloc           7%         N/A       52%         3
 Lesser Beckoning         Tloc           7%         N/A       52%         3
 Teleport Other           Tloc           7%         N/A       52%         3
 Manifold Assault         Tloc           7%         N/A       99%         5

Inventory:

Hand Weapons
 b - a +0 flail
 Y - a +0 hand axe (weapon)
Armour
 f - a scarf of repulsion (worn)
 k - a +2 ring mail of positive energy (worn)
Scrolls
 h - a scroll of identify
Potions
 a - a potion of brilliance {unknown}
 c - a potion of degeneration {unknown}
 g - a potion of heal wounds {unknown}
 l - a potion of curing {unknown}

Dungeon Overview and Level Annotations

Branches:
Dungeon (3/15)

Altars:
Fedhas


Message History

Found a dagger.
3213 ||| Stepping ~*~*~tactically~*~*~ (hiding).
You start waiting.
A gnoll is nearby!
The gnoll hits you but does no damage. The gnoll hits you with a +0 halberd!
You hit the gnoll. You claw the gnoll, but do no damage.
Your peck misses the gnoll.
The gnoll is lightly wounded.
The gnoll closely misses you.
You barely miss the gnoll.
The gnoll is lightly wounded.
The gnoll hits you with a +0 halberd!
A gnoll comes into view. It is wielding a +0 halberd.
You closely miss the gnoll.
The gnoll shouts!
You claw the gnoll, but do no damage.
The gnoll is lightly wounded.
The gnoll barely misses you.
You barely miss the gnoll. Your peck misses the gnoll.
The gnoll is lightly wounded.
The gnoll hits you with a +0 halberd!
You hit the gnoll. Your kick misses the gnoll.
The gnoll is heavily wounded.
The gnoll hits you but does no damage.
You barely miss the gnoll. You claw the gnoll, but do no damage.
Your peck misses the gnoll.
The gnoll is heavily wounded.
The gnoll barely misses you. The gnoll hits you but does no damage.
You hit the gnoll. You peck the gnoll, but do no damage.
The gnoll is severely wounded.
The gnoll misses you. The gnoll closely misses you.
You hit the gnoll. You claw the gnoll.
The gnoll is almost dead.
The gnoll closely misses you.
The gnoll hits you from afar with a +0 halberd.
You barely miss the gnoll.
The gnoll is almost dead.
The gnoll hits you with a +0 halberd.
You die...

.....(.###..###
.......#......# ##
......>##.##.## #.
.......#......# ..
.#######.####.#####. .#
#......#.#.$ .##
##.##.##..g#
..######......#.g.#
#......###..###.@.#
########......#..##
....[..##.##.##...#...
..............)..........
#..)<).#####...##.##...).
........####.####.# ....
.............# #.# #..
#..........#.# #.# #
...........#.# #..


You could see 2 gnolls.

Vanquished Creatures
  Jessica (D:2)
  Robin (D:2)
  A gnoll (D:3)
  2 adders
  3 worms
  2 dart slugs (D:1)
  3 ball pythons (D:1)
  5 bats
  4 endoplasms
  2 giant cockroaches (D:2)
  13 goblins
  6 hobgoblins
  6 jackals (D:1)
  5 quokkas
  4 frilled lizards
  5 kobolds
  4 rats
67 creatures vanquished.

Notes
Turn   | Place    | Note
-------+----------+-------------------------------------------
     0 | D:1      | qw the Tengu Warper began the quest for the Orb.
     0 | D:1      | Reached XP level 1. HP: 12/12 MP: 4/4
     0 | D:1      | 0 ||| qw: Version: 0.1-a-89-g26bdef1
     0 | D:1      | 0 ||| qw: Game counter: 3462
     0 | D:1      | 0 ||| qw: Always use a shield: true
     0 | D:1      | 0 ||| qw: God list: Okawaru
     0 | D:1      | 0 ||| qw: Allow faded altars: false
     0 | D:1      | 0 ||| qw: Do Orc after D:15 true
     0 | D:1      | 0 ||| qw: Do second Lair branch before Depths: true
     0 | D:1      | 0 ||| qw: Lair rune preference: random
     0 | D:1      | 0 ||| qw: Plans: Normal
     0 | D:1      | 0 ||| PLANNING D:1-11
    73 | D:1      | 73 ||| Stepping ~*~*~tactically~*~*~ (stealth).
    75 | D:1      | 75 ||| Stepping ~*~*~tactically~*~*~ (stealth).
    76 | D:1      | 76 ||| Stepping ~*~*~tactically~*~*~ (stealth).
   134 | D:1      | 134 ||| Stepping ~*~*~tactically~*~*~ (hiding).
   236 | D:1      | 236 ||| Stepping ~*~*~tactically~*~*~ (hiding).
   338 | D:1      | 338 ||| Stepping ~*~*~tactically~*~*~ (hiding).
   344 | D:1      | Reached XP level 2. HP: 17/17 MP: 6/6
   452 | D:1      | Reached skill level 3 in Axes
   789 | D:1      | 789 ||| Stepping ~*~*~tactically~*~*~ (hiding).
   794 | D:1      | Reached XP level 3. HP: 21/21 MP: 7/7
   895 | D:1      | 895 ||| Stepping ~*~*~tactically~*~*~ (hiding).
   897 | D:1      | 897 ||| Stepping ~*~*~tactically~*~*~ (hiding).
  1208 | D:1      | Reached skill level 4 in Axes
  1279 | D:1      | Found a faded altar of an unknown god.
  1339 | D:1      | 1339 ||| UPGRADING to scarf of repulsion.
  1344 | D:1      | 1344 ||| UPGRADING to +2 ring mail of positive energy.
  1354 | D:1      | 1354 ||| DROPPING +0 leather armour.
  1355 | D:1      | 1355 ||| DROPPING ring of magical power.
  1356 | D:1      | 1356 ||| READING scroll labelled OSKA QOFIPE.
  1357 | D:1      | 1357 ||| READING 2 scrolls labelled ERGHEK VYITH.
  1358 | D:1      | 1358 ||| READING scroll labelled JEL FOELEIRUO.
  1359 | D:1      | 1359 ||| DROPPING scroll of blinking.
  1468 | D:2      | 1468 ||| DROPPING +0 whip.
  1492 | D:2      | Noticed Jessica
  1493 | D:2      | 1493 ||| Stepping ~*~*~tactically~*~*~ (hiding).
  1504 | D:2      | 1504 ||| FLEEEEING.
  1505 | D:2      | 1505 ||| FLEEEEING.
  1506 | D:2      | 1506 ||| FLEEEEING.
  1509 | D:2      | 1509 ||| FLEEEEING.
  1516 | D:2      | 1516 ||| FLEEEEING.
  1517 | D:2      | 1517 ||| FLEEEEING.
  1518 | D:2      | 1518 ||| FLEEEEING.
  1519 | D:2      | 1519 ||| FLEEEEING.
  1520 | D:2      | 1520 ||| FLEEEEING.
  1521 | D:2      | 1521 ||| Stepping ~*~*~tactically~*~*~ (hiding).
  1525 | D:2      | 1525 ||| Stepping ~*~*~tactically~*~*~ (hiding).
  1529 | D:2      | Killed Jessica
  1530 | D:2      | Reached XP level 4. HP: 8/26 MP: 8/8
  1836 | D:2      | 1836 ||| Stepping ~*~*~tactically~*~*~ (stealth).
  1837 | D:2      | Noticed Robin
  1838 | D:2      | 1838 ||| Stepping ~*~*~tactically~*~*~ (hiding).
  1857 | D:2      | Killed Robin
  1858 | D:2      | Reached skill level 5 in Axes
  1881 | D:2      | 1881 ||| FLEEEEING.
  1882 | D:2      | 1882 ||| FLEEEEING.
  1883 | D:2      | 1883 ||| FLEEEEING.
  1884 | D:2      | 1884 ||| FLEEEEING.
  1885 | D:2      | 1885 ||| FLEEEEING.
  1886 | D:2      | 1886 ||| FLEEEEING.
  1887 | D:2      | 1887 ||| FLEEEEING.
  1888 | D:2      | 1888 ||| FLEEEEING.
  1889 | D:2      | 1889 ||| FLEEEEING.
  1890 | D:2      | 1890 ||| FLEEEEING.
  1891 | D:2      | 1891 ||| FLEEEEING.
  1892 | D:2      | 1892 ||| FLEEEEING.
  1893 | D:2      | 1893 ||| FLEEEEING.
  1894 | D:2      | 1894 ||| FLEEEEING.
  1895 | D:2      | 1895 ||| FLEEEEING.
  1896 | D:2      | 1896 ||| FLEEEEING.
  1897 | D:2      | 1897 ||| FLEEEEING.
  1898 | D:2      | 1898 ||| FLEEEEING.
  1986 | D:2      | 1986 ||| Stepping ~*~*~tactically~*~*~ (stealth).
  2002 | D:2      | 2002 ||| Stepping ~*~*~tactically~*~*~ (stealth).
  2429 | D:2      | Gained mutation: Your magical nature lets you fly swiftly
                  | and evasively. [Tengu growth]
  2429 | D:2      | Reached XP level 5. HP: 30/30 MP: 9/9
  2738 | D:2      | 2738 ||| READING scroll labelled CACOACSIPN.
  2805 | D:3      | 2805 ||| STAIRDANCE
  2884 | D:3      | 2884 ||| FLEEEEING.
  2885 | D:3      | 2885 ||| STAIRDANCE
  2983 | D:3      | Found a blossoming altar of Fedhas.
  3200 | D:3      | 3200 ||| Stepping ~*~*~tactically~*~*~ (stealth).
  3205 | D:3      | 3205 ||| Stepping ~*~*~tactically~*~*~ (stealth).
  3212 | D:3      | 3212 ||| Stepping ~*~*~tactically~*~*~ (hiding).
  3213 | D:3      | 3213 ||| Stepping ~*~*~tactically~*~*~ (hiding).
  3220 | D:3      | HP: 3/30 [gnoll/+0 halberd (8)]
  3224 | D:3      | HP: 1/30 [gnoll/+0 halberd (2)]
  3225 | D:3      | Slain by a gnoll

Levels and vault maps discovered:
D:1:      tarquinn_simple_flora_water_c, layout_loops_cross,
          hellmonk_ecumenical_altar_heavens_door
D:2:      layout_loops_ring, wander_ebering_terrifying_dragon_lair,
          uniq_jessica, uniq_robin
D:3:      layout_rooms, lightli_temple_of_fire, nicolae_elyvilon_peaceful_grove,
          lemuel_tele_altar, mainiacjoe_overflow_alcove_4,
          nicolae_uskayaw_dance_hall, serial_shops, nicolae_shop_waterfront,
          minmay_misc_feat_alley, uniq_sigmund

Skill      XL: |  1  2  3  4 |
---------------+-------------+-----
Axes           | 3 4 5 |  5.9
Fighting       | |  2.0
Throwing       | |  1.0
Armour         | |  1.1
Dodging        | |  2.1
Spellcasting   | |  2.0
Translocations | |  2.4

Action                   |  1- 3 |  4- 6 || total
-------------------------+-------+-------++-------
Melee: Hand axe          |    49 |   102 ||   151
       Kick              |    18 |    24 ||    42
       Peck              |     8 |    18 ||    26
       Punch             |       |     2 ||     2
Throw: Boomerang         |     7 |       ||     7
  Use: Scroll            |     3 |     1 ||     4
Armor: Leather armour    |     5 |       ||     5
       Ring mail         |     1 |    17 ||    18
Dodge: Dodged            |    19 |    36 ||    55

Table legend:
 A = Non-vault XP
 B = Vault XP
 C = Vault XP percentage of total XP
 D = Non-vault monster count
 E = Vault monster count
 F = Vault count percentage of total count
                 A         B        C        D         E       F
            +---------+---------+-------+---------+---------+-------
      Total |     142 |      73 |  34.0 |      54 |      13 |  19.4
            +---------+---------+-------+---------+---------+-------
        D:1 |      49 |       0 |   0.0 |      26 |       0 |   0.0
        D:2 |      51 |      73 |  58.9 |      20 |      13 |  39.4
        D:3 |      42 |       0 |   0.0 |       8 |       0 |   0.0
            +---------+---------+-------+---------+---------+-------
